 Dungeon Crawl Stone Soup version 0.28.0-53-g5a82cb258f (webtiles) character file.

Game seed: 14725169607662383188

429 Gabide the Poker (level 7, -8/54 HPs)
             Began as a Human Monk on May 29, 2022.
             Mangled by a goblin
             ... wielding a +2 dagger of electrocution
              (19 damage)
             ... on level 4 of the Dungeon.
             The game lasted 00:10:06 (6234 turns).

Gabide the Poker (Human Monk)                       Turns: 6234, Time: 00:10:06

Health: -8/54      AC: 11    Str: 11    XL:     7   Next: 19%
Magic:  0/7        EV: 10    Int: 11    God:
Gold:   81         SH:  0    Dex: 17    Spells: 6/6 levels left

rFire   . . .      SeeInvis .   a - +0 halberd
rCold   . . .      Faith    .   (shield currently unavailable)
rNeg    . . .      Spirit   +   i - +4 scale mail {Will+}
rPois   .          Reflect  .   (no helmet)
rElec   .          Harm     .   (no cloak)
rCorr   .          Rampage  .   (no gloves)
Will    +....                   (no boots)
Stlth   +.........              c - amulet of guardian spirit
HPRegen 0.18/turn               (no ring)
MPRegen 0.10/turn               (no ring)

@: hasted, very quick
A: no striking features
a: no special abilities


You were on level 4 of the Dungeon.
You visited 1 branch of the dungeon, and saw 4 of its levels.

You collected 191 gold pieces.
You spent 110 gold pieces at shops.

Inventory:

Hand Weapons
 a - a +0 halberd (weapon)
 p - a +0 trident
Missiles
 j - 4 poisoned darts (quivered)
Armour
 b - a +0 robe
 i - a +4 scale mail of willpower (worn)
Jewellery
 c - an amulet of guardian spirit (around neck)
 e - an amulet of magic regeneration
Wands
 o - a wand of iceblast (6)
Scrolls
 g - a scroll of identify {unknown}
 l - a scroll of vulnerability {unknown}
Potions
 d - a potion of might {unknown}
 f - 2 potions of curing
 m - a potion of flight {unknown}
 n - a potion of heal wounds {unknown}


   Skills:
 - Level 4.0 Fighting
 + Level 5.1 Polearms
 + Level 3.7 Armour
 - Level 4.0 Dodging
 - Level 2.0 Stealth


You had 6 spell levels left.
You didn't know any spells.
Your spell library contained the following spells:

 Spells                   Type           Power      Damage    Failure   Level
 Sting                    Tmut/Pois      0%         1d3       88%         1
 Blink                    Tloc           0%         N/A       96%         2
 Poisonous Vapours        Pois/Air       0%         N/A       96%         2
 Olgreb's Toxic Radiance  Pois           0%         N/A       100%        4
 Manifold Assault         Tloc           0%         N/A       100%        5
 Storm Form               Tmut/Air       0%         N/A       100%        7


Dungeon Overview and Level Annotations

Branches:
Dungeon (4/15)
 Temple: D:4-7

Altars:
Ru

Shops:
D:2 !

Annotations:
D:4 3 runed translucent doors, KamiKatze's ghost, amateur OpCj; hitsuchi's ghost, novice DgFE


Message History

You kill the kobold!
No target in view!
No target in view!
No target in view!
Magic restored.
Things that are here:
a +0 dagger; a kobold corpse
Things that are here:
a +0 club; 4 stones An endoplasm comes into view.
Found a lumpy purple potion.
The endoplasm quivers.
The endoplasm moves out of view.
No target in view!
An endoplasm is nearby!
An endoplasm is nearby!
You reach to attack!
You puncture the endoplasm!
You kill the endoplasm!
No target in view!
A goblin comes into view.
It is wielding a +2 dagger of electrocution.
The goblin shouts!
A goblin is nearby!
A goblin is nearby!
You barely miss the goblin. The goblin hits you but does no damage.
You are electrocuted!
You hit the goblin but do no damage. The goblin hits you but does no damage.
You are electrocuted!!
You hit the goblin.
The goblin is moderately wounded.
The goblin hits you with a +2 dagger of electrocution.
You are electrocuted!!
* * * LOW HITPOINT WARNING * * *
You are too injured to fight recklessly!
A goblin is nearby!
A goblin is nearby!
Okay, then.
Okay, then.
You feel yourself speed up. The goblin hits you but does no damage.
You are electrocuted!!
You die...

.##... #..# .#...# #..#
..... #..# ..!. ###..#
..# #....# ######..###
##.#.## #.........#
##..#.# #.#...$...#
##..##.# ##.##.@....#
#..###.# ##...###g####
#.## #.## ##.....##.#
##.# #..# +...⌠...+.#
#..# ##.# ###...#####
##.## #.# #...# ###..#
#.# #.>.#######...##
####.#
#...#...<......###.....
###...###....###.........


You could see a goblin.

Vanquished Creatures
  Grinder (D:3)
  Terence (D:1)
  2 orc wizards (D:3)
  A hound skeleton (D:3)
  5 adders
  An adder skeleton (D:4)
  2 worms
  A dart slug (D:3)
  6 orcs (D:3)
  7 ball pythons
  9 endoplasms
  5 giant cockroaches
  11 goblins
  10 hobgoblins
  7 kobolds
  4 quokkas
  10 bats
  2 frilled lizards
  9 rats
94 creatures vanquished.

Vanquished Creatures (others)
  2 fungi (D:1)
  2 plants (D:1)
  2 withered plants (D:4)
6 creatures vanquished.

Grand Total: 100 creatures vanquished

Notes
Turn   | Place    | Note
-------+----------+-------------------------------------------
     0 | D:1      | Gabide the Human Monk began the quest for the Orb.
     0 | D:1      | Reached XP level 1. HP: 18/18 MP: 1/1
   288 | D:1      | Reached XP level 2. HP: 22/24 MP: 2/2
   759 | D:1      | Reached XP level 3. HP: 10/29 MP: 1/3
  1087 | D:1      | Found a faded altar of an unknown god.
  1874 | D:2      | Reached XP level 4. HP: 16/36 MP: 2/4
  2675 | D:2      | Noticed Terence
  3698 | D:2      | Found Nianadywk's Distillery.
  3709 | D:2      | Bought a potion of berserk rage for 50 gold pieces
  3709 | D:2      | Bought a potion of curing for 30 gold pieces
  4159 | D:2      | Bought a potion of curing for 30 gold pieces
  4570 | D:1      | Killed Terence
  4571 | D:1      | Reached skill level 4 in Polearms
  4571 | D:1      | Reached XP level 5. HP: 23/42 MP: 2/5
  4872 | D:3      | Reached skill level 1 in Armour
  5453 | D:3      | Noticed Grinder
  5468 | D:3      | Reached XP level 6. HP: 39/48 MP: 6/6
  5492 | D:3      | Paralysed by Grinder for 5 turns
  5511 | D:3      | Killed Grinder
  5512 | D:3      | Reached skill level 5 in Polearms
  5512 | D:3      | Reached XP level 7. HP: 17/54 MP: 3/7
  5917 | D:3      | Found a sacrificial altar of Ru.
  6158 | D:4      | Found a runed translucent gate.
  6158 | D:4      | Found a runed translucent gate.
  6158 | D:4      | Found a runed translucent gate.
  6159 | D:4      | Noticed KamiKatze's ghost (amateur OpCj)
  6160 | D:4      | Noticed hitsuchi's ghost (novice DgFE)
  6234 | D:4      | Mangled by a goblin

Illustrated notes

Levels and vault maps discovered:
D:1:      dpeg_arrival_ratfight, layout_basic,
          shapermc_ecumenical_altar_acropolis, bh_walls_and_bars
D:2:      layout_loops_ring, serial_glass, glass_columns_a, glass_columns_a,
          serial_shops, nicolae_lakefront_shop, serial_park_tiny_pond,
          uniq_terence
D:3:      minmay_inner_zag, layout_rooms, nicolae_ru_great_annihilating_truth,
          uniq_grinder
D:4:      layout_rooms, temple_statues, gammafunk_ghost_cemetery,
          grunt_ministairs_15, uniq_sigmund

Skill      XL: |  1  2  3  4  5  6 |
---------------+-------------------+-----
Fighting       | 4 |  4.0
Polearms       | 4 5 |  5.1
Dodging        | 4 |  4.0
Armour         | 2 3 |  3.7
Stealth        | |  2.0

Action                   |  1- 3 |  4- 6 |  7- 9 || total
-------------------------+-------+-------+-------++-------
Melee: Spear             |   148 |   260 |       ||   408
       Punch             |       |     3 |     1 ||     4
       Trident           |       |    78 |    36 ||   114
       Halberd           |       |       |    10 ||    10
Throw: Dart              |       |     8 |       ||     8
  Use: Scroll            |     1 |     1 |       ||     2
       Potion            |       |     4 |     1 ||     5
 Stab: Sleeping          |     5 |     1 |       ||     6
       Distracted        |       |     2 |       ||     2
       Paralysed         |       |       |     1 ||     1
Armor: Robe              |    27 |    11 |       ||    38
       Scale mail        |       |    70 |    17 ||    87
Dodge: Dodged            |    85 |   157 |    17 ||   259
